 Dungeon Crawl Stone Soup version 0.23-a0-169-gb21e695 (webtiles) character file.

127 Amnesiac the Chiller (level 4, -5/30 HPs)
             Began as a Mummy Ice Elementalist on Sept 11, 2018.
             Slain by an orc
             ... wielding a +0 flail
              (8 damage)
             ... on level 4 of the Dungeon.
             The game lasted 00:03:57 (1501 turns).

Amnesiac the Chiller (Mummy Ice Elementalist)       Turns: 1501, Time: 00:03:58

Health: -5/30      AC:  2    Str: 11    XL:     4   Next: 85%
Magic:  3/10       EV: 12    Int: 15    God:
Gold:   35         SH:  0    Dex: 12    Spells: 7/11 levels left

rFire    x . .     SeeInvis .   g - +0 long sword
rCold    + . .     Gourm    .   (no shield)
rNeg     + + +     Faith    +   a - +0 robe
rPois    ∞         Spirit   .   (no helmet)
rElec    .         Reflect  .   (no cloak)
rCorr    .         Harm     .   (no gloves)
MR       .....                  (no boots)
Stlth    ++........             e - amulet of faith
HPRegen  0.10/turn              (no ring)
MPRegen  0.12/turn              (no ring)

@: no status effects
A: no food or potions, fire vulnerability, cold resistance 1, negative energy
resistance 3, torment resistance, unbreathing
a: no special abilities


You were on level 4 of the Dungeon.
You were not hungry.

You visited 1 branch of the dungeon, and saw 4 of its levels.

You collected 35 gold pieces.

Inventory:

Hand Weapons
 g - a +0 long sword (weapon)
Armour
 a - a +0 robe (worn)
Jewellery
 e - an amulet of faith (around neck)
Scrolls
 b - a scroll of amnesia {!r, unknown}
 c - 2 scrolls of enchant weapon {!r, unknown}
 f - a scroll of identify {!r, unknown}


   Skills:
 - Level 1.5 Dodging
 - Level 1.5 Stealth
 + Level 4.0 Spellcasting
   Level 0.7 Conjurations
 * Level 4.1 Ice Magic


You had 7 spell levels left.
You knew the following spells:

 Your Spells              Type           Power        Failure   Level  Hunger
a - Freeze                Ice            ###.         3%          1    N/A
z - Ozocubu's Armour      Chrm/Ice       #.......     22%         3    N/A

Your spell library contained the following spells:

 Spells                   Type           Power        Failure   Level  Hunger
 Throw Frost              Conj/Ice       ##....       10%         2    N/A
 Throw Icicle             Conj/Ice       ##......     54%         4    N/A
 Summon Ice Beast         Ice/Summ       #.......     58%         4    N/A

Dungeon Overview and Level Annotations

Branches:
Dungeon (4/15)
 Temple: D:4-7

Altars:

Annotations:
D:2 exclusion: downstairs
D:3 1 runed door, Sigmund; eyesofgods1's ghost, amateur OpFi


Innate Abilities, Weirdness & Mutations

You do not eat or drink.
Your flesh is vulnerable to fire.
You are immune to poison.
Your flesh is cold resistant. (rC+)
You are immune to negative energy. (rN+++)
You are immune to unholy pain and torment.
You can survive without breathing.


Message History

HP restored.
There is a stone staircase leading down here.
You climb downwards.
The orc barely misses you.
You riposte.
You closely miss the orc. The orc closely misses you.
You riposte.
You barely miss the orc.
There is a stone staircase leading up here.
Casting: Freeze (safe; 3% risk of failure)
Confirm with . or Enter, or press ? or * to list all spells.
Aiming: Freeze (safe; 3% risk of failure)
Press: ? - help, Shift-Dir - straight line, f - orc priest
Aim: an orc priest, wielding a flail You freeze the orc priest.
The orc priest is lightly wounded.
The orc priest invokes the aid of Beogh against you.
Beogh smites you!
Casting: Freeze (safe; 3% risk of failure)
Confirm with . or Enter, or press ? or * to list all spells.
Aiming: Freeze (safe; 3% risk of failure)
Press: ? - help, Shift-Dir - straight line, f/p - orc priest
Aim: an orc priest, wielding a flail (lightly wounded)
You freeze the orc priest.
The orc priest is moderately wounded.
The orc misses you. The orc priest barely misses you.
You riposte.
You closely miss the orc priest.
The orc priest is moderately wounded.
Casting: Freeze (safe; 3% risk of failure)
Confirm with . or Enter, or press ? or * to list all spells.
Aiming: Freeze (safe; 3% risk of failure)
Press: ? - help, Shift-Dir - straight line, f/p - orc priest
Aim: an orc priest, wielding a flail (moderately wounded)
You freeze the orc priest.
The orc priest is heavily wounded.
The orc closely misses you.
Casting: Freeze (safe; 3% risk of failure)
Confirm with . or Enter, or press ? or * to list all spells.
Aiming: Freeze (safe; 3% risk of failure)
Press: ? - help, Shift-Dir - straight line, f/p - orc priest
Aim: an orc priest, wielding a flail (heavily wounded)
You freeze the orc priest.
The orc priest is severely wounded.
The orc priest miscasts a cantrip.
The orc barely misses you.
Casting: Freeze (safe; 3% risk of failure)
Confirm with . or Enter, or press ? or * to list all spells.
Aiming: Freeze (safe; 3% risk of failure)
Press: ? - help, Shift-Dir - straight line, f/p - orc priest
Aim: an orc priest, wielding a flail (severely wounded)
You freeze the orc priest.
The orc priest is almost dead.
The orc priest hits you with a flail!
* * * LOW HITPOINT WARNING * * *
The orc hits you with a flail!
* * * LOW HITPOINT WARNING * * *
Casting: Freeze (safe; 3% risk of failure)
Confirm with . or Enter, or press ? or * to list all spells.
Aiming: Freeze (safe; 3% risk of failure)
Press: ? - help, Shift-Dir - straight line, f/p - orc priest
Aim: an orc priest, wielding a flail (almost dead)
You freeze the orc priest.
You kill the orc priest!
Your Spellcasting skill increases to level 4!
Your Ice Magic skill increases to level 4!
The orc hits you with a flail!
You die...

#. . . . . . .#. #.. #..
###### ##..
##############....#####(..
#........@)...............
##...<...o................
########################.
#. ##


You could see an orc.

Vanquished Creatures
  An orc priest (D:4)
  Natasha (twice) (D:3)
  An adder (D:2)
  A worm (D:2)
  2 leopard geckos (D:2)
  4 orcs (D:3)
  A ball python (D:2)
  A bat (D:2)
  4 giant cockroaches
  3 goblins (D:1)
  3 hobgoblins (D:2)
  A frilled lizard (D:1)
  2 kobolds (D:1)
  5 rats
31 creatures vanquished.

Vanquished Creatures (others)
  2 withered plants (D:3)
2 creatures vanquished.

Grand Total: 33 creatures vanquished

Notes
Turn   | Place    | Note
-------+----------+-------------------------------------------
     0 | D:1      | Amnesiac the Mummy Ice Elementalist began the quest for the
                  | Orb.
     0 | D:1      | Reached XP level 1. HP: 13/13 MP: 4/4
   168 | D:1      | Reached XP level 2. HP: 5/19 MP: 0/5
   655 | D:2      | Reached XP level 3. HP: 21/24 MP: 3/7
   660 | D:2      | Learned a level 3 spell: Ozocubu's Armour
   669 | D:3      | Noticed Sigmund
   670 | D:3      | Found a runed door.
   671 | D:3      | Noticed eyesofgods1's ghost (amateur OpFi)
   675 | D:3      | Noticed Natasha
  1342 | D:3      | Killed Natasha
  1342 | D:3      | Reached XP level 4. HP: 19/30 MP: 3/9
  1342 | D:3      | Noticed Natasha
  1353 | D:3      | Killed Natasha
  1501 | D:4      | Slain by an orc

Vault maps used:
D:1:      minmay_arrival_nine_rooms
D:2:      first_ration, uniq_terence, uniq_crazy_yiuf_cottage
D:3:      gammafunk_ghost_grave, nrook_uturn, minmay_joined_circles,
          uniq_natasha, uniq_jessica, uniq_sigmund
D:4:      minivault_23, uniq_robin, uniq_grinder

Skill      XL: |  1  2  3  4 |
---------------+-------------+-----
Ice Magic      | 3 4 |  4.1
Spellcasting   | 3 4 |  4.0
Dodging        | |  1.5
Stealth        | |  1.5
Conjurations   | |  0.7

Action                   |  1- 3 |  4- 6 || total
-------------------------+-------+-------++-------
Melee: Dagger            |     8 |       ||     8
       Falchion          |     3 |       ||     3
 Cast: Freeze            |    51 |    11 ||    62
Armor: Robe              |    14 |       ||    14
Dodge: Dodged            |    39 |     7 ||    46
       Rpst.: Falchion   |     5 |       ||     5
       Long sword        |     4 |     3 ||     7

Table legend:
 A = Non-vault XP
 B = Vault XP
 C = Vault XP percentage of total XP
 D = Non-vault monster count
 E = Vault monster count
 F = Vault count percentage of total count
                 A         B        C        D         E       F
            +---------+---------+-------+---------+---------+-------
      Total |     147 |      35 |  19.2 |      30 |       1 |   3.2
            +---------+---------+-------+---------+---------+-------
        D:1 |      15 |       0 |   0.0 |       9 |       0 |   0.0
        D:2 |      37 |       0 |   0.0 |      12 |       0 |   0.0
        D:3 |      52 |      35 |  40.2 |       8 |       1 |  11.1
        D:4 |      43 |       0 |   0.0 |       1 |       0 |   0.0
            +---------+---------+-------+---------+---------+-------
